 Dungeon Crawl Stone Soup version 0.20.1-1-g8b1a95d (webtiles) character file.

302 Sunburn the Skirmisher (level 6, 0/48 HPs)
             Began as a Demonspawn Monk on July 12, 2017.
             Slain by an adder (1 damage)
             ... on level 4 of the Dungeon.
             The game lasted 00:12:34 (3396 turns).

Sunburn the Skirmisher (Demonspawn Monk)            Turns: 3396, Time: 00:12:36

Health: 0/48       AC:  3    Str: 17    XL:     6   Next: 14%
Magic:  6/6        EV: 15    Int: 13    God:
Gold:   138        SH:  0    Dex: 17    Spells: 5/5 levels left

rFire    . . .     SeeInvis .     - Unarmed
rCold    . . .     Gourm    .   (no shield)
rNeg     . . .     Faith    .   o - +0 leather armour
rPois    .         Spirit   .   (no helmet)
rElec    .         Reflect  .   (no cloak)
rCorr    .         Harm     .   (no gloves)
MR       .....                  (no boots)
Stlth    +++.......             (no amulet)
Regen    0.2/turn               f - +3 ring of strength
MPRegen  0.1/turn               (no ring)

@: lethally poisoned (0 -> -2)
A: claws 1, fangs 1, repulsion field 1, clever 1, nightstalker 1, strong 1
a: no special abilities


You were on level 4 of the Dungeon.
You were not hungry.

You visited 1 branch of the dungeon, and saw 4 of its levels.

You collected 138 gold pieces.

Inventory:

Hand Weapons
 a - a +0 mace
 e - a +0 dagger
Missiles
 d - 5 tomahawks (quivered)
 k - 26 arrows
Armour
 b - a +0 robe
 g - a +0 large shield
 o - a +0 leather armour (worn)
Jewellery
 f - a +3 ring of strength (left claw)
Scrolls
 h - a scroll of remove curse
 j - a scroll of immolation
 m - a scroll of identify
Comestibles
 l - 3 chunks of flesh
 n - a meat ration


   Skills:
 * Level 4.1 Fighting
 - Level 2.9 Maces & Flails
 + Level 2.0 Armour
 + Level 3.5 Dodging
 - Level 1.7 Stealth
 + Level 3.3 Unarmed Combat


You had 5 spell levels left.
You didn't know any spells.

Dungeon Overview and Level Annotations

Branches:
Dungeon (4/15)
 Temple: D:4-7

Altars:
Elyvilon
Fedhas
Kikubaaqudgha

Annotations:
D:3 Jessica, Natasha


Innate Abilities, Weirdness & Mutations

You have sharp fingernails.
You are surrounded by a mild repulsion field. (EV +2)
You are slightly more attuned to the shadows.
You have very sharp teeth.
Your mind is acute. (Int +2)
Your muscles are strong. (Str +2)


Message History

You scratch the centaur.
You kill the centaur!
Your Armour skill increases to level 2!
You have reached level 6!
Your experience leads to an increase in your attributes!
Your base attributes are Str 12, Int 11, Dex 16.
Increase (S)trength, (I)ntelligence, or (D)exterity?
You feel agile.
Your demonic ancestry asserts itself...
You begin to radiate repulsive energy.
The adder bites you but does no damage.
You barely miss the adder. You bite the adder, but do no damage.
You feel sick. The adder misses you.
You scratch the adder. You bite the adder.
The adder is severely wounded.
The adder bites you.
* * * LOW HITPOINT WARNING * * *
You completely miss the adder.
The adder is heavily wounded.
The adder bites you.
You die...

*,* *,,,,,,,,,,,,,,,,,,** *,*
*,,,,,,,,,,,,,,**,,,* *,*
*,.............***,,* *,*
*,.............*,,,,***** *,*
****,.............*,**,,,,,,
*,***,,,,.............*,********
*,,,,,,,,.............*,*
**,***,,,,....oS.)....#*,* **,*
*,,,,****,#@......,,* ,*,*
*,,,,****,########***
,*,****,,,,,,,,*
,,,,,,,,,******* ,*,***,,,*
,,,***,,,* ,,,,,,,,,****
,,,,*,,,,,,,* ,,,,*,**,**,*


You could see an adder and an orc.

Vanquished Creatures
  A centaur (D:4)
  A centaur skeleton (D:3)
  An orc wizard (D:3)
  Natasha (D:3)
  Terence (D:3)
  3 adders
  6 worms
  2 leopard geckos
  3 orcs (D:3)
  5 hobgoblins
  4 jackals (D:2)
  8 bats
  2 frilled lizards
  8 goblins
  9 kobolds
  19 rats
74 creatures vanquished.

Vanquished Creatures (others)
  A goblin (D:2)
  A hobgoblin (D:2)
  A kobold (D:2)
3 creatures vanquished.

Grand Total: 77 creatures vanquished

Notes
Turn   | Place    | Note
-------+----------+-------------------------------------------
     0 | D:1      | Sunburn the Demonspawn Monk began the quest for the Orb.
     0 | D:1      | Reached XP level 1. HP: 18/18 MP: 1/1
   177 | D:1      | Gained mutation: You have sharp fingernails. [demonic ancestry]
   177 | D:1      | Reached XP level 2. HP: 19/24 MP: 2/2
  1203 | D:2      | Reached XP level 3. HP: 25/29 MP: 3/3
  1503 | D:2      | Reached skill level 1 in Unarmed Combat
  1545 | D:2      | Found a white marble altar of Elyvilon.
  1616 | D:2      | Gained mutation: You have very sharp teeth. [potion of mutation]
  1616 | D:2      | Gained mutation: You expend magic power (3 MP) to strengthen your wands. [potion of mutation]
  1616 | D:2      | Lost mutation: You expend magic power (3 MP) to strengthen your wands. [potion of mutation]
  1616 | D:2      | Gained mutation: You have a pair of small horns on your head. [potion of mutation]
  1874 | D:2      | Found an ancient bone altar of Kikubaaqudgha.
  1875 | D:2      | Found a blossoming altar of Fedhas.
  2212 | D:2      | Gained mutation: You are slightly more attuned to the shadows. [demonic ancestry]
  2212 | D:2      | Reached XP level 4. HP: 32/36 MP: 4/4
  2737 | D:3      | Noticed Natasha
  2752 | D:3      | Killed Natasha
  3109 | D:3      | Noticed Natasha
  3121 | D:3      | Reached skill level 1 in Armour
  3121 | D:3      | Reached XP level 5. HP: 29/42 MP: 5/5
  3130 | D:3      | Reached skill level 4 in Fighting
  3355 | D:3      | Noticed Terence
  3363 | D:3      | Killed Terence
  3379 | D:3      | Noticed Jessica
  3381 | D:4      | Noticed a centaur
  3392 | D:4      | Lost mutation: You have a pair of small horns on your head. [potion of mutation]
  3392 | D:4      | Gained mutation: Your muscles are strong. (Str +2) [potion of mutation]
  3392 | D:4      | Gained mutation: Your mind is acute. (Int +2) [potion of mutation]
  3393 | D:4      | Killed a centaur
  3393 | D:4      | Gained mutation: You are surrounded by a mild repulsion field. (EV +2) [demonic ancestry]
  3393 | D:4      | Reached XP level 6. HP: 6/48 MP: 6/6
  3395 | D:4      | HP: 1/48 [adder (4)]
  3396 | D:4      | Slain by an adder

Skill      XL: |  1  2  3  4  5 |
---------------+----------------+-----
Dodging        | 3 |  3.5
Unarmed Combat | 1 2 3 |  3.3
Armour         | 1 2 |  2.0
Fighting       | 4 |  4.1
Maces & Flails | |  2.9
Stealth        | |  1.7

Action                   |  1- 3 |  4- 6 || total
-------------------------+-------+-------++-------
Melee: Mace              |    35 |       ||    35
       Unarmed           |   139 |    95 ||   234
       Headbutt          |     8 |    19 ||    27
       Bite              |     3 |    14 ||    17
       Punch             |     1 |       ||     1
  Use: Scroll            |     2 |     5 ||     7
       Potion            |     5 |     3 ||     8
 Stab: Sleeping          |     1 |     7 ||     8
  Eat: Chunk             |     1 |       ||     1
       Bread ration      |     1 |       ||     1
       Meat ration       |       |     1 ||     1
Armor: Robe              |    28 |       ||    28
       Leather armour    |     9 |    22 ||    31
Dodge: Dodged            |   150 |    68 ||   218
